 Dungeon Crawl Stone Soup version 0.29.1-12-g30fa7ad0bf (webtiles) character file.

Game seed: 12879489990873618182

4 LustLizard the Firebug (level 1, 0/14 HPs)
             Began as a Hill Orc Fire Elementalist on Jan 12, 2023.
             Slain by a jackal (1 damage)
             ... on level 1 of the Dungeon.
             The game lasted 00:00:41 (106 turns).

LustLizard the Firebug (Hill Orc Fire Elementalist)  Turns: 106, Time: 00:00:41

Health: 0/14       AC:  3    Str: 10    XL:     1   Next: 60%
Magic:  0/3        EV: 11    Int: 15    God:
Gold:   0          SH:  0    Dex: 11    Spells: 2/3 levels left

rFire   . . .      SeeInvis .   f - +0 club
rCold   . . .      Faith    .   (no shield)
rNeg    . . .      Spirit   .   c - +0 leather armour
rPois   .          Reflect  .   (no helmet)
rElec   .          Harm     .   (no cloak)
rCorr   .          Rampage  .   (no gloves)
Will    .....                   (no boots)
Stlth   +.........              (no amulet)
HPRegen 0.04/turn               (no ring)
MPRegen 0.08/turn               (no ring)

@: no status effects
A: no striking features
a: no special abilities


You were on level 1 of the Dungeon.
You visited 1 branch of the dungeon, and saw 1 of its levels.

Inventory:

Hand Weapons
 f - a +0 club (weapon)
Armour
 a - a +0 robe
 c - a +0 leather armour (worn)
Scrolls
 d - a scroll of enchant armour {unknown}
Potions
 b - a potion of magic
 e - a potion of heal wounds {unknown}


   Skills:
 + Level 0.3 Fighting
 - Level 1.5 Dodging
 - Level 1.5 Stealth
 + Level 1.6 Spellcasting
 * Level 1.2 Conjurations
 * Level 3.3 Fire Magic


You had 2 spell levels left.
You knew the following spells:

 Your Spells              Type           Power      Damage    Failure   Level
a - Foxfire               Conj/Fire      32%        2x1d5     12%         1

Your spell library contained the following spells:

 Spells                   Type           Power      Damage    Failure   Level
 Scorch                   Fire           22%        2d6       12%         2
 Conjure Flame            Conj/Fire      8%         6-21      36%         3
 Inner Flame              Hex/Fire       6%         N/A       43%         3
 Flame Wave               Conj/Fire      8%         2d5       77%         4


Dungeon Overview and Level Annotations

Branches:
Dungeon (1/15)

Altars:


Message History

The jackal is heavily wounded.
The jackal bites you but does no damage.
The jackal closely misses you. The jackal barely misses you.
The jackal bites you. The jackal attacks as you move away!
The jackal closely misses you.
You hit the jackal but do no damage.
The jackal is heavily wounded.
The jackal bites you but does no damage.
The jackal closely misses you.
You hit the jackal but do no damage.
The jackal is moderately wounded.
The jackal barely misses you.
The jackal bites you but does no damage. x2
The jackal barely misses you.
You conjure some foxfire!
The jackal closely misses you. x2
You barely miss the jackal. Your punch misses the jackal.
The jackal is moderately wounded.
The foxfire hits the jackal but does no damage.
The jackal is moderately wounded.
The foxfire hits the jackal but does no damage.
The jackal is moderately wounded.
The jackal barely misses you. x2; The jackal closely misses you. x2
You barely miss the jackal.
The jackal is moderately wounded.
The jackal misses you. The jackal barely misses you.
The jackal closely misses you. The jackal barely misses you.
You hit the jackal.
The jackal is severely wounded.
The jackal bites you but does no damage. x2
The jackal bites you. The jackal barely misses you.
You barely miss the jackal.
The jackal is severely wounded.
The jackal closely misses you. x2; The jackal bites you. x2
* * * LOW HITPOINT WARNING * * *
You hit the jackal.
The jackal is severely wounded.
The jackal bites you.
* * * LOW HITPOINT WARNING * * *
The jackal bites you.
You die...

######.........#.##...
#...##.......### ..
#...##.......# ...
#...##......## ....
#...........## ..)..
#....8.......# ......
#.##...##....# #.....
#. ##.##.....##....# .
#'#....@#....##.. ..
#'#....hh...)>... ..
##⌠##...#.....#..# ...
+⌠<⌠+...........#
##⌠##..#..........
#+#..##.......###
#......##.....
##....## .###.. ##..##
.# #.


You could see 2 jackals.

Vanquished Creatures
  A goblin (D:1)
  2 jackals (D:1)
3 creatures vanquished.

Vanquished Creatures (others)
  8 foxfires (D:1)
8 creatures vanquished.

Grand Total: 11 creatures vanquished

Notes
Turn   | Place    | Note
-------+----------+-------------------------------------------
     0 | D:1      | LustLizard the Hill Orc Fire Elementalist began the quest
                  | for the Orb.
     0 | D:1      | Reached XP level 1. HP: 14/14 MP: 3/3
   106 | D:1      | Slain by a jackal

Illustrated notes

Levels and vault maps discovered:
D:1:      grunt_arrival_crossed_arrows, layout_rooms, serial_shops,
          nicolae_shop_waterfront

Action                   || total
-------------------------++-------
Melee: Club              ||    10
 Cast: Foxfire           ||     5
Armor: Leather armour    ||     7
Dodge: Dodged            ||    22
